 Seeded DCSS version 0.30-a0-341-g682706514a (webtiles) character file.

Game seed: 9928474331348348029 (custom seed)

962 purpskrrrp the Basher (level 7, -4/61 HPs)
             Began as a Minotaur Fighter on Nov 4, 2022.
             Slain by an iguana (10 damage)
             ... on level 5 of the Dungeon.
             The game lasted 00:09:42 (4366 turns).

purpskrrrp the Basher (Minotaur Fighter)            Turns: 4366, Time: 00:09:42

Health: -4/61      AC:  8    Str: 22    XL:     7   Next: 92%
Magic:  6/6        EV: 10    Int:  5    God:
Gold:   185        SH:  5    Dex: 10    Spells: 6/6 levels left

rFire   . . .      SeeInvis .    i - +2 flail (holy)
rCold   . . .      Faith    .    c - +0 buckler
rNeg    . . .      Spirit   .    m - +0 troll leather armour
rPois   .          Reflect  .    (helmet restricted)
rElec   .          Harm     .    (no cloak)
rCorr   .          Rampage  .    t - +2 pair of gloves
Will    .....                    (no boots)
Stlth   +.........               (no amulet)
HPRegen 1.10/turn                (no ring)
MPRegen 0.10/turn                (no ring)

@: no status effects
A: horns 2, retaliatory headbutt
a: no special abilities


You were on level 5 of the Dungeon.
You visited 1 branch of the dungeon, and saw 5 of its levels.

You collected 185 gold pieces.

Inventory:

Hand Weapons
 a - a +0 flail
 i - a +2 flail of holy wrath (weapon)
Missiles
 d - a throwing net (quivered)
Armour
 b - a +0 scale mail
 c - a +0 buckler (worn)
 m - a +0 troll leather armour (worn)
 t - a +2 pair of gloves (worn)
Jewellery
 n - a ring of willpower
Scrolls
 l - a scroll of teleportation
Potions
 e - 2 potions of cancellation
 f - a potion of haste
 g - a potion of degeneration {unknown}
 h - a potion of magic
 j - a potion of curing
 k - a potion of flight {unknown}
 o - a potion of brilliance {unknown}
 r - a potion of resistance {unknown}
 s - a potion of heal wounds {unknown}


   Skills:
 + Level 5.2 Fighting
 * Level 9.1 Maces & Flails
 + Level 5.2 Armour
 + Level 5.2 Shields


You had 6 spell levels left.
You didn't know any spells.
Your spell library contained the following spells:

 Spells                   Type           Power      Damage    Failure   Level
 Animate Armour           Summ/Erth      0%         N/A       100%        4
 Leda's Liquefaction      Hex/Erth       0%         N/A       100%        4
 Blade Hands              Tmut           0%         N/A       100%        5
 Lee's Rapid Deconstruct  Erth           0%         3d4*      100%        5
 Iron Shot                Conj/Erth      0%         9d1       100%        6
 Statue Form              Tmut/Erth      0%         N/A       100%        6


Dungeon Overview and Level Annotations

Branches:
Dungeon (5/15)
 Temple: D:4-7

Altars:
Ashenzari
Dithmenos
Vehumet
Xom

Shops:
D:3 (   D:4 *

Annotations:
D:3 2 transporters, osoart's ghost, amateur GnSu


Innate Abilities, Weirdness & Mutations

You have a pair of horns on your head.
You reflexively headbutt those who attack you in melee.


Message History

You closely miss the hound.
You headbutt the hound, but do no damage.
The hound is heavily wounded.
The gnoll hits you from afar with a +1 vampiric halberd.
The hound barely misses you. You furiously retaliate!
You headbutt the hound. You sock the hound!
You kill the hound!
The gnoll is no longer moving quickly.
The gnoll barely misses you. The gnoll closely misses you.
Your Maces & Flails skill increases to level 9!
You sock the gnoll bouda!
You headbutt the gnoll bouda, but do no damage.
The gnoll bouda is severely wounded.
The gnoll bouda hits you with a +0 club.
You closely miss the gnoll bouda.
The gnoll bouda is severely wounded.
The gnoll hits you from afar with a +1 vampiric halberd.
You hit the gnoll bouda.
The gnoll bouda is almost dead.
The gnoll hits you from afar with a +1 vampiric halberd.
The gnoll bouda hits you with a +0 club.
You thump the gnoll bouda!
You kill the gnoll bouda!
The gnoll closely misses you.
You barely miss the iguana. The gnoll closely misses you.
The iguana closely misses you.
You hit the iguana but do no damage.
The gnoll hits you from afar with a +1 vampiric halberd!
The iguana barely misses you.
You hit the iguana. Your headbutt misses the iguana.
The iguana is moderately wounded.
The gnoll hits you from afar with a +1 vampiric halberd!
* * * LOW HITPOINT WARNING * * *
The iguana bites you!
* * * LOW HITPOINT WARNING * * *
The gnoll hits you from afar with a +1 vampiric halberd.
* * * LOW HITPOINT WARNING * * *
The iguana attacks as you move away! The iguana barely misses you.
The iguana attacks as you move away! The iguana bites you!
You die...

........#....###............##
...##.......## #...#.#.<#....#
#..###.#....# #.....###.....#
##.#.........##......####...##
..#...#.##..###......###..##
.....#####.........#.....##
...... #...##.##.#.....##..
...... ..#.##.##.#..........
#....#@.#............
..##...l#..........##
......z#z.>.......##
.........g..........#
..##........##........ .
#####...<.####......
..#.?.......## ...#+
.............# .##
....l.......##


You could see an iguana, 2 wights and a gnoll.

Vanquished Creatures
  Grinder (D:4)
  An ogre (D:3)
  3 scorpions
  A wight (D:5)
  3 hounds
  2 gnoll boudas
  An iguana (D:4)
  Ijyb (D:4)
  A statue (D:3)
  12 gnolls
  4 adders
  An ufetubus (D:4)
  A worm (D:2)
  5 dart slugs
  An orc (D:4)
  6 ball pythons
  7 endoplasms
  3 giant cockroaches
  6 goblins
  7 hobgoblins
  5 jackals
  4 kobolds
  A quokka (D:3)
  2 bats
  13 frilled lizards
  7 rats
99 creatures vanquished.

Vanquished Creatures (others)
  A demonic plant (D:2)
  7 plants (D:2)
8 creatures vanquished.

Grand Total: 107 creatures vanquished

Notes
Turn   | Place    | Note
-------+----------+-------------------------------------------
     0 | D:1      | purpskrrrp the Minotaur Fighter began the quest for the
                  | Orb.
     0 | D:1      | Reached XP level 1. HP: 19/19 MP: 0/0
   209 | D:1      | Reached skill level 3 in Maces & Flails
   293 | D:1      | Reached XP level 2. HP: 26/26 MP: 1/1
   481 | D:1      | Reached skill level 4 in Maces & Flails
   662 | D:2      | Found a faded altar of an unknown god.
   731 | D:2      | Reached XP level 3. HP: 31/31 MP: 2/2
  1187 | D:2      | Reached skill level 5 in Maces & Flails
  1364 | D:2      | Reached XP level 4. HP: 31/39 MP: 3/3
  1763 | D:3      | Found a broken altar of Ashenzari.
  1836 | D:3      | Found a radiant altar of Vehumet.
  1838 | D:3      | Noticed a frost-covered statue
  1896 | D:3      | Found a transporter.
  1900 | D:3      | Noticed osoart's ghost (amateur GnSu)
  1997 | D:3      | Found a transporter.
  2107 | D:3      | Found Otatopsuli's Weapon Shop.
  2153 | D:3      | Reached skill level 6 in Maces & Flails
  2558 | D:3      | Noticed an ogre
  2562 | D:3      | Killed an ogre
  2563 | D:3      | Reached skill level 7 in Maces & Flails
  2563 | D:3      | Reached XP level 5. HP: 45/45 MP: 4/4
  2704 | D:3      | Killed a frost-covered statue
  2843 | D:4      | Noticed Ijyb
  2843 | D:4      | Paralysed by Ijyb for 2 turns
  2847 | D:4      | Found a shimmering altar of Xom.
  2868 | D:4      | Killed Ijyb
  2902 | D:4      | Reached XP level 6. HP: 13/52 MP: 5/5
  2999 | D:4      | HP: 2/52 [gnoll/+0 spear[a gnoll bouda] (6)]
  3156 | D:4      | Noticed Grinder
  3162 | D:4      | Paralysed by Grinder for 4 turns
  3170 | D:4      | Killed Grinder
  3171 | D:4      | Reached skill level 8 in Maces & Flails
  3171 | D:4      | Reached XP level 7. HP: 60/60 MP: 6/6
  3352 | D:4      | Found Ifuudem's Neck Hole.
  3535 | D:4      | Found a shadowy altar of Dithmenos.
  4230 | D:5      | Entered Level 5 of the Dungeon
  4238 | D:5      | Reached skill level 5 in Fighting
  4272 | D:5      | Reached skill level 5 in Armour
  4293 | D:5      | Reached skill level 5 in Shields
  4358 | D:5      | Reached skill level 9 in Maces & Flails
  4366 | D:5      | Slain by an iguana

Illustrated notes

Levels and vault maps discovered:
D:1:      lightli_arrival_statuegarden, layout_loops_ring
D:2:      layout_basic, shapermc_ecumenical_altar_gd, minmay_lizard_king
D:3:      layout_loops_corners, marbit_many_paths, vehumet_statue, serial_shops,
          nicolae_shop_hallway_stairs, gammafunk_ghost_arena
D:4:      nicolae_cairo_tiling_large, layout_layer_cave, kennysheep_mini_moat,
          lemuel_doored_altar, nicolae_shop_sticking_my_neck_out, uniq_grinder,
          uniq_ijyb
D:5:      layout_cave_pools, nicolae_overflow_hidden_temple, serial_gnoll_camp,
          gnoll_camp_mini_loothouse, gnoll_camp_mini_hut, gnoll_camp_huts_basic,
          gnoll_camp_mini_hut, gnoll_camp_mini_hut, minivault_19,
          grunt_ministairs_12

Skill      XL: |  1  2  3  4  5  6  7 |
---------------+----------------------+-----
Maces & Flails | 3 4 5 7 8 9 |  9.1
Fighting       | 4 5 |  5.2
Armour         | 4 5 |  5.2
Shields        | 4 5 |  5.2

Action                   |  1- 3 |  4- 6 |  7- 9 || total
-------------------------+-------+-------+-------++-------
Melee: Flail             |    64 |    92 |    69 ||   225
       Headbutt          |     9 |    12 |    13 ||    34
Throw: Throwing net      |       |     1 |       ||     1
  Use: Potion            |       |     4 |       ||     4
       Scroll            |       |     8 |     1 ||     9
Armor: Scale mail        |     9 |       |       ||     9
       Troll leather arm |     9 |    28 |    22 ||    59
Dodge: Dodged            |    24 |    41 |    43 ||   108
Block: Buckler           |    14 |    23 |    12 ||    49

Table legend: (Time is in decaauts)
 A = Elapsed time spent in this place.
 B = Non-inter-level travel time spent in this place.
 C = Inter-level travel time spent in this place.
 D = Time resting spent in this place.
 E = Time spent auto-exploring this place.
 F = Levels seen in this place.
 G = Mean time per level.
                   A        B        C        D        E       F      G
               +--------+--------+--------+--------+--------+-----+--------+
         Total |   4391 |   4272 |    119 |      0 |   3467 |   5 |  878.2 |
       Dungeon |   4391 |   4272 |    119 |      0 |   3467 |   5 |  878.2 |
               +--------+--------+--------+--------+--------+-----+--------+

Top non-repeatable levels by time:
     D:4: 1459 daAuts
     D:2: 1082 daAuts
     D:3: 1046 daAuts
     D:1: 667 daAuts
     D:5: 136 daAuts
